 Dungeon Crawl Stone Soup version 0.31-a0-559-g03b8d61ab2 (webtiles) character file.

Game seed: 13952898416317432881

319 Ethylacetat the Insei (level 6, -5/43 HPs)
             Began as an Octopode Gladiator on Aug 17, 2023.
             Slain by a lemure (6 damage)
             ... led by Pikel
             ... on level 4 of the Dungeon.
             The game lasted 00:02:40 (2464 turns).

Ethylacetat the Insei (Octopode Gladiator)          Turns: 2464, Time: 00:02:40

Health: -5/43      AC:  5    Str: 13    XL:     6   Next: 46%
Magic:  6/6        EV: 15    Int: 11    God:
Gold:   167        SH:  0    Dex: 15    Spells: 5/5 levels left

rFire   . .          .
                       - Unarmed
rCold   . . .        (no shield)
rNeg    . . .        a - +0 hat
rPois   .            (no amulet)
rElec   .            e - +4 ring of protection
rCorr   .            (no ring)
SInv    .            (no ring)
Will    .....        (no ring)
Stlth   ++           (no ring)
HPRegen 0.27/turn    (no ring)
MPRegen 0.10/turn    (no ring)
                     (no ring)

%: no passive effects
@: no status effects
A: almost no armour, amphibious, 8 rings, camouflage 1, gelatinous body 1,
(nimble swimmer 1), tentacles
a: no special abilities


You were on level 4 of the Dungeon.
You visited 1 branch of the dungeon, and saw 4 of its levels.

You collected 167 gold pieces.

Inventory:

Missiles
 b - 3 throwing nets (quivered)
 c - a javelin
Armour
 a - a +0 hat (worn)
Jewellery
 e - a +4 ring of protection (left tentacle)
Wands
 n - a wand of digging (4)
 s - a wand of flame (16)
Scrolls
 d - a scroll of fog {unknown}
 f - 4 scrolls of identify {unknown}
 h - 3 scrolls of noise {unknown}
 k - a scroll of teleportation {unknown}
 p - a scroll of amnesia {unknown}
 q - a scroll of brand weapon {unknown}
 u - 2 scrolls of enchant weapon {unknown}
 v - a scroll of vulnerability {unknown}
Potions
 g - a potion of brilliance {unknown}
 i - a potion of might {unknown}
 j - 2 potions of lignification {unknown}
 l - a potion of attraction {unknown}
 m - a potion of cancellation {unknown}
 o - a potion of enlightenment {unknown}
 r - a potion of berserk rage {unknown}
 t - 2 potions of curing {unknown}
 w - a potion of mutation {unknown}


   Skills:
 + Level 4.1 Fighting
 - Level 2.0 Throwing
 + Level 4.6 Dodging
 + Level 4.7 Unarmed Combat


You had 5 spell levels left.
You didn't know any spells.
Your spell library was empty.

Dungeon Overview and Level Annotations

Branches:
Dungeon (4/15)
 Temple: D:4-7

Altars:
Qazlal

Annotations:
D:4 Pikel


Innate Abilities, Weirdness & Mutations

You cannot wear most types of armour.
You are amphibious.
You can wear up to eight rings at the same time.
Your skin changes colour to match your surroundings (Stealth+).
Your rubbery body absorbs attacks. (AC +1, EV +1)
((You are camouflaged when in or above water. (Stealth+)))
You have tentacles for arms and can constrict up to eight enemies at once.


Message History

Pikel is lightly wounded.
You tentacle-slap Pikel but do no damage.
You grab Pikel.
Pikel is lightly wounded.
You constrict Pikel, but do no damage. Pikel misses you.
You tentacle-slap Pikel but do no damage.
You squeeze Pikel, but do no damage.
Pikel is lightly wounded.
You constrict Pikel.
Pikel hits you with a +0 whip of electrocution.
You tentacle-slap Pikel but do no damage.
You squeeze Pikel.
Pikel is lightly wounded.
You constrict Pikel.
Pikel zaps a wand.
The puff of flame hits you.
You tentacle-slap Pikel but do no damage.
Pikel is moderately wounded.
You constrict Pikel, but do no damage. The lemure hits you.
Pikel hits you with a +0 whip of electrocution!
* * * LOW HITPOINT WARNING * * *
You tentacle-slap Pikel.
Pikel is moderately wounded.
You constrict Pikel, but do no damage. The lemure completely misses you.
Pikel hits you with a +0 whip of electrocution.
* * * LOW HITPOINT WARNING * * *
Unknown command.
You tentacle-slap Pikel. You squeeze Pikel!
Pikel is severely wounded.
You constrict Pikel. The lemure closely misses you.
The lemure hits you but does no damage. Pikel closely misses you.
Unknown command.
You tentacle-slap Pikel but do no damage.
You squeeze Pikel.
Pikel is severely wounded.
You constrict Pikel.
The lemure completely misses you. x2; Pikel zaps a wand.
The puff of flame hits you.
* * * LOW HITPOINT WARNING * * *
You tentacle-slap Pikel but do no damage.
Pikel is almost dead.
You constrict Pikel. The lemure hits you.
You die...

... ...# ...
... #.# ### #
#.###....
#.##K5....#
#..@5K...# ###
####5##### #.#
####....#
##.##~~♣##'###
#..'P♣ #♣)~#
#..#~♣#♣~♣♣~#
##.##♣~♣~♣# P#
#..# #♣~~~♣ ♣#
#.## #♣~♣~♣


You could see Pikel, 3 lemures and a kobold.

Vanquished Creatures
  An ogre (D:4)
  2 hounds (D:4)
  Natasha (thrice) (D:2)
  4 adders
  A worm (D:2)
  A dart slug (D:3)
  5 orcs
  3 endoplasms
  6 giant cockroaches
  3 goblins
  8 hobgoblins
  5 kobolds
  A quokka (D:3)
  5 ball pythons
  3 bats
  A frilled lizard (D:3)
  7 rats
59 creatures vanquished.

Notes
Turn   | Place    | Note
-------+----------+-------------------------------------------
     0 | D:1      | Ethylacetat the Octopode Gladiator began the quest for the
                  | Orb.
     0 | D:1      | Reached XP level 1. HP: 14/14 MP: 1/1
   305 | D:1      | Reached XP level 2. HP: 16/19 MP: 2/2
  1229 | D:2      | Reached XP level 3. HP: 20/25 MP: 3/3
  1538 | D:2      | Noticed Natasha
  1548 | D:2      | Killed Natasha
  1549 | D:2      | Reached XP level 4. HP: 18/31 MP: 4/4
  1609 | D:2      | Noticed Natasha
  1617 | D:2      | Killed Natasha
  1794 | D:2      | Noticed Natasha
  1799 | D:2      | Killed Natasha
  1800 | D:2      | Reached XP level 5. HP: 26/36 MP: 5/5
  1841 | D:3      | Found a faded altar of an unknown god.
  2267 | D:3      | Found a stormy altar of Qazlal.
  2416 | D:4      | Reached XP level 6. HP: 43/43 MP: 6/6
  2451 | D:4      | Noticed Pikel
  2463 | D:4      | HP: 1/43 [Pikel/puff of flame (4)]
  2464 | D:4      | Slain by a lemure

Illustrated notes

Levels and vault maps discovered:
D:1:      lightli_arrival_statue_moat, layout_basic, chequers_mini_garden
D:2:      layout_loops_cross, minmay_heptomino_w4, uniq_natasha
D:3:      layout_basic, lemuel_coloured_pillars_altar,
          hellmonk_ecumenical_altar_pennies_from_heaven, feat_on_display
D:4:      layout_loops_corners, gammafunk_ghost_mausoleum, portal_sewer_entry_a,
          saegor_snake_ambush, uniq_pikel, uniq_grinder

Skill      XL: |  1  2  3  4  5  6 |
---------------+-------------------+-----
Fighting       | 3 4 |  4.1
Dodging        | 4 |  4.6
Unarmed Combat | 4 |  4.7
Throwing       | |  2.0

Action                     |  1- 3 |  4- 6 || total
---------------------------+-------+-------++-------
  Melee: Unarmed           |    64 |    82 ||   146
         Constrict         |    20 |    21 ||    41
         Tentacles         |    12 |    23 ||    35
         Punch             |     2 |     4 ||     6
  Evoke: Wand              |       |     3 ||     3
   Stab: Sleeping          |     7 |     1 ||     8
 Armour: Skin              |    13 |    10 ||    23
  Dodge: Dodged            |    28 |    46 ||    74

Table legend: (Time is in decaauts)
 A = Elapsed time spent in this place.
 B = Non-inter-level travel time spent in this place.
 C = Inter-level travel time spent in this place.
 D = Time resting spent in this place.
 E = Time spent auto-exploring this place.
 F = Levels seen in this place.
 G = Mean time per level.
                   A        B        C        D        E       F      G
               +--------+--------+--------+--------+--------+-----+--------+
         Total |   2453 |   2349 |    104 |      0 |   1915 |   4 |  613.2 |
       Dungeon |   2453 |   2349 |    104 |      0 |   1915 |   4 |  613.2 |
               +--------+--------+--------+--------+--------+-----+--------+

Top non-repeatable levels by time:
     D:1: 941 daAuts
     D:2: 861 daAuts
     D:3: 564 daAuts
     D:4: 86 daAuts
